 Dungeon Crawl Stone Soup version 0.29.1-13-g9f3cf754e1 (webtiles) character file.

Game seed: 2155724173151816506

2363 Descartes the Blocker (level 9, -12/72 HPs)
             Began as a Formicid Fighter on Feb 10, 2023.
             Was an Initiate of Gozag.
             Mangled by an orc knight
             ... wielding a +0 glaive
              (24 damage)
             ... in a bailey.
             The game lasted 00:17:54 (8653 turns).

Descartes the Blocker (Formicid Fighter)            Turns: 8653, Time: 00:17:55

Health: -12/72     AC:  9    Str: 26    XL:     9   Next: 72%
Magic:  9/9        EV:  9    Int:  7    God:    Gozag
Gold:   363        SH:  6    Dex: 13    Spells: 8/8 levels left

rFire   + . .      SeeInvis +   a - +0 war axe
rCold   . . .      Faith    .   c - +0 buckler
rNeg    . . .      Spirit   .   b - +0 scale mail
rPois   .          Reflect  .   (helmet unavailable)
rElec   .          Harm     .   k - +0 cloak
rCorr   .          Rampage  .   (no gloves)
Will    .....                   (no boots)
Stlth   ..........              (no amulet)
HPRegen 0.22/turn               h - ring of protection from fire
MPRegen 0.11/turn               (no ring)

@: mighty
A: permanent stasis, dig shafts and tunnels, antennae 3, four strong arms
a: Dig, Renounce Religion, Potion Petition, Call Merchant, Bribe Branch


You were in a bailey.
You worshipped Gozag.
Gozag was aware of your devotion.
You visited 2 branches of the dungeon, and saw 10 of its levels.
You also visited: Ossuary and Bailey.

You collected 805 gold pieces.
You paid 442 gold pieces to Gozag.

Inventory:

Hand Weapons
 a - a +0 war axe (weapon)
 d - a +2 quarterstaff of chaos
 C - a +0 vampiric trident
 D - a +0 flail of protection
Missiles
 x - 4 poisoned darts
 E - 3 javelins
Armour
 b - a +0 scale mail (worn)
 c - a +0 buckler (worn)
 k - a +0 cloak (worn)
Jewellery
 h - a ring of protection from fire (left hand)
Wands
 B - a wand of digging (13)
 F - a wand of flame (30)
Scrolls
 l - a scroll of fog
 m - 2 scrolls of vulnerability
 r - 5 scrolls of identify
 s - a scroll of silence
 u - a scroll of amnesia
 w - 2 scrolls of teleportation {unknown}
 y - 2 scrolls of magic mapping
 A - a scroll of poison {unknown}
 H - a scroll of fear
Potions
 e - 2 potions of attraction
 f - 2 potions of brilliance {unknown}
 g - a potion of mutation {unknown}
 i - 2 potions of curing
 j - a potion of berserk rage {unknown}
 n - 2 potions of haste {unknown}
 o - a potion of ambrosia {unknown}
 p - 2 potions of invisibility {unknown}
 q - a potion of lignification {unknown}
 t - a potion of might
 v - 2 potions of flight {unknown}
 z - a potion of degeneration {unknown}
 G - a potion of heal wounds {unknown}


   Skills:
 + Level 7.2 Fighting
 + Level 6.1(6.6) Axes
 + Level 3.5(5.3) Maces & Flails
 + Level 7.2 Armour
 + Level 8.8 Shields


You had 8 spell levels left.
You didn't know any spells.
Your spell library contained the following spells:

 Spells                   Type           Power      Damage    Failure   Level
 Necrotise                Necr           0%         1d4       75%         1
 Confusing Touch          Hex            0%         N/A       98%         3
 Tukima's Dance           Hex            0%         N/A       98%         3
 Vampiric Draining        Necr           0%         2d6       98%         3
 Passage of Golubria      Tloc           0%         N/A       100%        4
 Agony                    Necr           0%         N/A       100%        5
 Manifold Assault         Tloc           0%         N/A       100%        5
 Yara's Violent Unravell  Hex/Tmut       0%         3d3       100%        5
 Enfeeble                 Hex            0%         N/A       100%        7
 Storm Form               Tmut/Air       0%         N/A       100%        7
 Blink                    Tloc           Unusable   N/A       N/A         2

Dungeon Overview and Level Annotations

Branches:
Dungeon (9/15)             Temple (1/1) D:6         Ossuary (visited)
 Bailey (1/1)
   Lair: D:8-11         Orc: D:9-12

Altars:
Ashenzari
Cheibriados
Dithmenos
Gozag
Hepliaklqana
Kikubaaqudgha
Nemelex Xobeh
Okawaru
Qazlal
Ru
Sif Muna
Trog
Uskayaw
Vehumet
Wu Jian
Xom
Yredelemnul

Shops:
D:9 ?:


Innate Abilities, Weirdness & Mutations

You cannot be hasted, slowed, berserked, paralysed or teleported.
You can dig through walls and to a lower floor.
You have a pair of large antennae on your head. (SInv)
Your four strong arms can wield two-handed weapons with a shield.


Message History

You hit the orc warrior but do no damage.
The orc warrior is severely wounded.
The orc warrior misses you.
You slash the orc warrior!
You kill the orc warrior!
You now have 508 gold pieces (gained 6).
Items here: ))))))) [[[[[[[.
You sense a monster nearby.
No target in view!
An orc knight comes into view. It is wielding a +0 glaive.
The orc knight shouts!
Items here: ))))))) [[[[[[[.
You feel very mighty all of a sudden.
You completely miss the orc knight.
The orc knight hits you with a +0 glaive.
You barely miss the orc knight. The orc knight closely misses you.
You completely miss the orc knight.
The orc knight hits you with a +0 glaive!!
You barely miss the orc knight.
The orc knight hits you with a +0 glaive!!
* * * LOW HITPOINT WARNING * * *
You hit the orc knight but do no damage.
The orc knight hits you with a +0 glaive.
* * * LOW HITPOINT WARNING * * *
The orc knight hits you with a +0 glaive.
* * * LOW HITPOINT WARNING * * *
Okay, then. [a] - 145 gold - heal wounds [b] - 208 gold - heal wounds and curing [c] - 384 gold - curing, magic and heal wounds Purchase which effect?
You no longer have enough gold to petition Gozag for potion effects.
You feel much better.
The orc knight hits you with a +0 glaive!
* * * LOW HITPOINT WARNING * * *
You need at least 400 gold to purchase potions right now!
You barely miss the orc knight.
The orc knight hits you with a +0 glaive!!
You die...
Your body crumbles into a pile of gold.

♣♣♣♣♣♣♣♣
♣♣......♣♣
♣........♣
#♣..∩..∩..♣######
#..........##.#@#
##..........#.#o##
#.........).o####
.♣............♣♣
#.♣♣.......♣.♣..♣#
...............≈≈#
....#....#....≈≈≈#
≈≈≈≈#....#≈≈≈≈≈≈≈#
≈≈≈≈#....#≈≈≈≈≈≈≈#


You could see an orc knight.

Vanquished Creatures
  3 yaks (D:5)
  5 orc warriors (Bailey)
  An ogre (D:4)
  2 phantoms
  A bullfrog (D:8)
  2 scorpions (D:4)
  5 water moccasin zombies (Ossuary)
  2 vampire bats (D:3)
  A howler monkey (D:6)
  2 hounds
  A gnoll bouda (D:5)
  A jelly (D:6)
  Crazy Yiuf (D:2)
  Jessica (D:2)
  5 iguanas
  2 orc wizards (D:5)
  2 mummies (Ossuary)
  10 gnolls
  3 adders
  A white imp (D:5)
  An ufetubus (D:6)
  6 adder zombies (Ossuary)
  A worm (D:2)
  4 dart slugs
  13 orcs
  8 ball pythons
  A bat skeleton (D:3)
  3 bat zombies (D:3)
  7 endoplasms
  4 giant cockroaches
  3 gnoll zombies (Ossuary)
  18 goblins
  2 hobgoblins (D:1)
  2 quokkas
  6 bats
  2 frilled lizards
  3 hobgoblin zombies (Ossuary)
  6 kobolds
  4 kobold zombies (Ossuary)
  4 orc zombies (Ossuary)
  4 rats
153 creatures vanquished.

Vanquished Creatures (others)
  3 fungi (D:2)
3 creatures vanquished.

Grand Total: 156 creatures vanquished

Notes
Turn   | Place    | Note
-------+----------+-------------------------------------------
     0 | D:1      | Descartes the Formicid Fighter began the quest for the Orb.
     0 | D:1      | Reached XP level 1. HP: 18/18 MP: 1/1
   115 | D:1      | Reached XP level 2. HP: 24/24 MP: 2/2
   559 | D:1      | Reached XP level 3. HP: 27/29 MP: 3/3
   606 | D:1      | Found a faded altar of an unknown god.
  1051 | D:2      | Reached XP level 4. HP: 37/37 MP: 4/4
  1742 | D:2      | Noticed Jessica
  1753 | D:2      | Killed Jessica
  1754 | D:2      | Reached skill level 5 in Shields
  1754 | D:2      | Reached XP level 5. HP: 32/42 MP: 5/5
  1919 | D:2      | Found an iron altar of Okawaru.
  1938 | D:2      | Found a runed translucent door.
  1939 | D:2      | Noticed Crazy Yiuf
  1953 | D:2      | Killed Crazy Yiuf
  2707 | D:3      | Reached XP level 6. HP: 32/49 MP: 6/6
  3128 | D:3      | Found an ancient bone altar of Kikubaaqudgha.
  3322 | D:4      | Reached skill level 6 in Shields
  3322 | D:4      | Reached XP level 7. HP: 30/55 MP: 7/7
  3369 | D:4      | Reached skill level 5 in Fighting
  3369 | D:4      | Reached skill level 5 in Armour
  3522 | D:4      | Found an opulent altar of Gozag.
  3537 | D:4      | Became a worshipper of Gozag Ym Sagoz the Greedy
  3719 | D:4      | Found a sand-covered staircase.
  3726 | Ossuary  | Entered an ossuary
  3927 | Ossuary  | Reached XP level 8. HP: 50/63 MP: 8/8
  3939 | Ossuary  | Reached skill level 7 in Shields
  4565 | D:4      | Found an iron altar of Okawaru.
  5011 | D:5      | Entered Level 5 of the Dungeon
  5395 | D:5      | Found a basalt altar of Yredelemnul.
  5941 | D:4      | Reached skill level 5 in Axes
  5941 | D:4      | Reached skill level 1 in Maces & Flails
  6588 | D:6      | Noticed a yak
  6590 | D:6      | Noticed a yak
  6591 | D:6      | Noticed a yak
  6606 | D:5      | Killed a yak
  6607 | D:5      | Reached XP level 9. HP: 24/71 MP: 9/9
  6841 | D:5      | Reached skill level 8 in Shields
  7073 | D:6      | Found a staircase to the Ecumenical Temple.
  7088 | Temple   | Entered the Ecumenical Temple
  7423 | D:6      | You fall into a shaft and drop 3 floors!
  7456 | D:9      | Found Saitroy's Book Boutique.
  7458 | D:9      | Found Ovibuth's Magic Scroll Boutique.
  7646 | D:7      | Found a flagged portal.
  7673 | Bailey   | Entered a bailey
  8222 | Bailey   | HP: 1/70 [orc warrior/+0 trident (5)]
  8637 | Bailey   | Noticed an orc knight
  8653 | Bailey   | Mangled by an orc knight

Illustrated notes

Levels and vault maps discovered:
D:1:      dpeg_arrival_orchard, layout_rooms, nicolae_ecumenical_snake_handling,
          minivault_25, chequers_mini_garden
D:2:      layout_basic, basic_altar, nrook_campfire, uniq_jessica,
          uniq_crazy_yiuf_cottage
D:3:      layout_rooms, kennysheep_vampire_church, nicolae_underground_beach
D:4:      layout_loops_corners, nicolae_gozag_seed_capital,
          kennysheep_okawaru_gauntlet, chequers_ossuary_entry_cave
D:5:      layout_rooms, mainiacjoe_overflow_paths, minivault_23
D:6:      layout_loops_ring, minmay_temple_entry_waves,
          kennysheep_generic_room_4
D:7:      layout_basic, enter_bailey_5, gammafunk_ghost_necromancy,
          uniq_menkaure
D:8:      layout_cave_pools, elyvilon_altar_1
D:9:      layout_basic, chequers_temple_overflow_statue_of_worship,
          minmay_tree_intersection, minmay_shop_grid_forest
Temple:   nicolae_temple_figure_eight
Bailey:   bailey_polearm_elven_captive_hellmonk, bailey

Skill      XL: |  1  2  3  4  5  6  7  8  9 |
---------------+----------------------------+-----
Fighting       | 4 5 6 7 |  7.2
Armour         | 4 5 6 7 |  7.2
Shields        | 5 6 7 8 |  8.8
Axes           | 3 4 5 6 |  6.1
Maces & Flails | 2 3 |  3.5

Action                   |  1- 3 |  4- 6 |  7- 9 || total
-------------------------+-------+-------+-------++-------
Melee: War axe           |    69 |   132 |   393 ||   594
       Trident           |       |       |     3 ||     3
Invok: Potion Petition   |       |       |     3 ||     3
 Abil: Dig               |       |       |     2 ||     2
  Use: Potion            |       |     1 |     4 ||     5
       Scroll            |       |     4 |     3 ||     7
 Stab: Distracted        |       |       |     1 ||     1
Armor: Scale mail        |    40 |    75 |   141 ||   256
Dodge: Dodged            |    31 |    72 |   155 ||   258
Block: Buckler           |    20 |    50 |    96 ||   166
